 Dungeon Crawl Stone Soup version 0.28.0-47-ge53b351184 (webtiles) character file.

Game seed: 17330211721775836795

567 Peloso the Covered (level 7, -15/61 HPs)
             Began as a Minotaur Fighter on Apr 30, 2022.
             Demolished by an ogre
             ... wielding a +0 giant spiked club
              (27 damage)
             ... on level 4 of the Dungeon.
             The game lasted 00:04:08 (3535 turns).

Peloso the Covered (Minotaur Fighter)               Turns: 3535, Time: 00:04:08

Health: -15/61     AC:  7    Str: 21    XL:     7   Next: 11%
Magic:  6/6        EV: 10    Int:  5    God:
Gold:   30         SH:  5    Dex: 11    Spells: 6/6 levels left

rFire   . . .      SeeInvis .   a - +1 long sword
rCold   . . .      Faith    .   c - +0 buckler
rNeg    . . .      Spirit   .   b - +0 scale mail
rPois   .          Reflect  .   (helmet restricted)
rElec   .          Harm     .   (no cloak)
rCorr   .          Rampage  .   (no gloves)
Will    .....                   (no boots)
Stlth   ..........              (no amulet)
HPRegen 0.20/turn               (no ring)
MPRegen 0.10/turn               (no ring)

@: no status effects
A: horns 2, retaliatory headbutt
a: no special abilities


You were on level 4 of the Dungeon.
You visited 1 branch of the dungeon, and saw 4 of its levels.

You collected 151 gold pieces.
You spent 121 gold pieces at shops.

Inventory:

Hand Weapons
 a - a +1 long sword (weapon)
Armour
 b - a +0 scale mail (worn)
 c - a +0 buckler (worn)
Jewellery
 m - a ring of resist corrosion
Wands
 k - a wand of flame (9)
Scrolls
 f - 2 scrolls of blinking {unknown}
 g - a scroll of fog
 h - 2 scrolls of holy word
 j - a scroll of enchant weapon
 l - a scroll of silence {unknown}
 n - 2 scrolls of teleportation
 q - a scroll of magic mapping {unknown}
Potions
 d - a potion of might
 e - a potion of flight {unknown}
 i - 2 potions of heal wounds {unknown}
 o - a potion of curing
 p - a potion of berserk rage


   Skills:
 + Level 5.1 Fighting
 + Level 5.9 Long Blades
 + Level 6.1 Armour
 + Level 2.0 Dodging
 + Level 4.4 Shields
 + Level 0.3 Evocations


You had 6 spell levels left.
You didn't know any spells.
Your spell library was empty.

Dungeon Overview and Level Annotations

Branches:
Dungeon (4/15)
 Temple: D:4-7

Altars:

Shops:
D:3 *(


Innate Abilities, Weirdness & Mutations

You have a pair of horns on your head.
You reflexively headbutt those who attack you in melee.


Message History

A quokka is nearby!
A worm comes into view.
The quokka bites you but does no damage.
You miss the quokka.
The quokka bites you but does no damage.
The quokka bites you.
You completely miss the quokka. The quokka misses you.
You hit the quokka but do no damage.
The quokka bites you but does no damage.
You slash the quokka!
You kill the quokka!
You slash the worm!
The worm is almost dead.
The worm bites you but does no damage.
You hit the worm.
You kill the worm!
An ogre comes into view. It is wielding a +0 giant spiked club.
The ogre shouts!
An ogre is nearby!
An ogre is nearby!
You hit the ogre.
The ogre is lightly wounded.
The ogre hits you with a +0 giant spiked club!
You barely miss the ogre. Your headbutt misses the ogre.
The ogre is lightly wounded.
The ogre hits you with a +0 giant spiked club!
You slash the ogre! Your headbutt misses the ogre.
The ogre is severely wounded.
You hit the ogre.
The ogre is severely wounded.
The ogre closely misses you.
You hit the ogre. You headbutt the ogre.
The ogre is almost dead.
The ogre hits you with a +0 giant spiked club!!
* * * LOW HITPOINT WARNING * * *
A worm comes into view.
You barely miss the ogre.
The ogre is almost dead.
The ogre hits you with a +0 giant spiked club!!
You die...

### ..# #.# # #.#
.## ##
####.##.####....w
..
.........@O....#
####.
#.##.##.########
#.##. ... #.#
...#. .# #.#
#.##########
#.##. #.# #.#
#..........#
#.##. #.# #.#
##########.#
##.##. #.######.#
#.# #.....
.......#.#
#.####..###
..####.#<#
#...†...#


You could see an ogre and a worm.

Vanquished Creatures
  Menkaure (D:4)
  An ogre (D:3)
  A phantom (D:4)
  A scorpion (D:4)
  A centaur skeleton (D:4)
  2 hounds (D:4)
  Jessica (D:2)
  3 adders
  5 worms
  3 dart slugs
  7 orcs
  9 ball pythons
  4 endoplasms
  3 giant cockroaches
  10 goblins
  6 hobgoblins
  6 jackals (D:3)
  3 kobolds (D:1)
  5 quokkas
  5 bats
  2 frilled lizards
  8 rats
87 creatures vanquished.

Notes
Turn   | Place    | Note
-------+----------+-------------------------------------------
     0 | D:1      | Peloso the Minotaur Fighter began the quest for the Orb.
     0 | D:1      | Reached XP level 1. HP: 19/19 MP: 0/0
   192 | D:1      | Reached XP level 2. HP: 26/27 MP: 1/1
   269 | D:1      | Found a faded altar of an unknown god.
   291 | D:1      | Reached skill level 4 in Armour
   691 | D:1      | Reached XP level 3. HP: 33/33 MP: 2/2
   786 | D:1      | Reached skill level 1 in Dodging
  1103 | D:2      | Noticed Jessica
  1107 | D:2      | Killed Jessica
  1108 | D:2      | Reached XP level 4. HP: 40/40 MP: 3/3
  2032 | D:3      | Found Aqelleil's General Store.
  2040 | D:3      | Bought a potion of curing for 33 gold pieces
  2040 | D:3      | Bought a potion of berserk rage for 55 gold pieces
  2040 | D:3      | Bought a scroll of teleportation for 33 gold pieces
  2094 | D:3      | Noticed an ogre
  2099 | D:3      | Killed an ogre
  2100 | D:3      | Reached skill level 5 in Armour
  2100 | D:3      | Reached XP level 5. HP: 47/47 MP: 4/4
  2337 | D:3      | Found Areclaur's Antique Weapon Boutique.
  2808 | D:4      | Noticed a phantom
  2815 | D:4      | Reached XP level 6. HP: 49/53 MP: 5/5
  2835 | D:4      | Reached skill level 5 in Long Blades
  2982 | D:4      | Noticed Menkaure
  2989 | D:4      | Killed Menkaure
  2990 | D:4      | Reached skill level 5 in Fighting
  2995 | D:4      | Reached XP level 7. HP: 10/61 MP: 6/6
  3397 | D:4      | Reached skill level 6 in Armour
  3535 | D:4      | Demolished by an ogre

Illustrated notes

Levels and vault maps discovered:
D:1:      giann_forest_graveyard, layout_basic,
          shapermc_ecumenical_altar_pompeii, minmay_rat_gold_closets
D:2:      layout_basic, uniq_jessica
D:3:      layout_basic, serial_shops, nicolae_shop_hallway_plus, shop
D:4:      layout_loops_ring, grunt_ministairs_13, hex_large, uniq_menkaure

Skill      XL: |  1  2  3  4  5  6  7 |
---------------+----------------------+-----
Fighting       | 4 5 |  5.1
Armour         | 4 5 6 |  6.1
Dodging        | 1 2 |  2.0
Shields        | 4 |  4.4
Long Blades    | 3 4 5 |  5.9
Evocations     | |  0.3

Action                   |  1- 3 |  4- 6 |  7- 9 || total
-------------------------+-------+-------+-------++-------
Melee: Long sword        |    83 |   116 |    17 ||   216
       Headbutt          |     9 |    16 |     2 ||    27
Evoke: Wand              |       |     3 |       ||     3
  Use: Scroll            |     3 |       |       ||     3
Armor: Scale mail        |    49 |    67 |     5 ||   121
Dodge: Dodged            |    34 |    59 |     5 ||    98
Block: Buckler           |    24 |    23 |     2 ||    49
